 Dungeon Crawl Stone Soup version 0.30-a0-857-gcaf7073 (webtiles) character file.

Game seed: 6453677874940066836

107 Dorkslayer the Trooper (level 4, -8/41 HPs)
             Began as a Hill Orc Fighter on Mar 5, 2023.
             Mangled by a kobold
             ... wielding a +0 whip
              (13 damage)
             ... on level 4 of the Dungeon.
             The game lasted 00:08:11 (1929 turns).

Dorkslayer the Trooper (Hill Orc Fighter)           Turns: 1929, Time: 00:08:12

Health: -8/41      AC:  8    Str: 20    XL:     4   Next: 86%
Magic:  4/4        EV:  2    Int:  8    God:
Gold:   167        SH:  0    Dex: 10    Spells: 3/3 levels left

rFire   . . .      SeeInvis .    a - +0 war axe
rCold   . . .      Faith    .    c - +0 buckler
rNeg    . . .      Spirit   .    b - +0 scale mail
rPois   .          Reflect  +    l - +0 helmet
rElec   .          Rampage  .    (no cloak)
rCorr   .                        (no gloves)
Will    .....                    (no boots) Stlth
                                 j - amulet of reflection
HPRegen 0.26/turn                (no ring)
MPRegen 0.09/turn                (no ring)

@: mighty, sleeping
A: no striking features
a: no special abilities


You were on level 4 of the Dungeon.
You visited 1 branch of the dungeon, and saw 4 of its levels.

You collected 193 gold pieces.
You spent 26 gold pieces at shops.

Inventory:

Hand Weapons
 a - a +0 war axe (weapon)
Armour
 b - a +0 scale mail (worn)
 c - a +0 buckler (worn)
 l - a +0 helmet (worn)
Jewellery
 j - an amulet of reflection (around neck)
Scrolls
 f - a scroll of blinking {unknown}
 g - a scroll of noise {unknown}
 i - 2 scrolls of teleportation {unknown}
 m - a scroll of fear {unknown}
Potions
 d - a potion of might
 e - 3 potions of berserk rage
 h - 3 potions of heal wounds
 k - a potion of curing
 n - a potion of degeneration {unknown}
 o - 2 potions of flight {unknown}


   Skills:
 * Level 4.4 Fighting
 * Level 4.0 Axes
 * Level 3.9 Armour
 * Level 1.2 Dodging
 + Level 3.7 Shields


You had 3 spell levels left.
You didn't know any spells.
Your spell library was empty.

Dungeon Overview and Level Annotations

Branches:
Dungeon (4/15)
 Temple: D:4-7

Altars:
Sif Muna

Shops:
D:1 (   D:2 **:(   D:3 ([(=(

Annotations:
D:4 Menkaure


Message History

The sleepcap releases spores at you but does no damage.
Okay, then.
You feel very mighty all of a sudden.
A kobold comes into view. It is wielding a +0 whip.
You block the sleepcap's attack. You block the goblin's attack.
The kobold closely misses you.
The kobold shouts!
You slash the kobold!
You kill the kobold!
You closely miss the goblin. You hit the sleepcap.
The goblin barely misses you. You block the sleepcap's attack.
You slash the sleepcap!
The sleepcap is heavily damaged.
You slash the goblin!
You kill the goblin!
The sleepcap releases spores at you.
You are engulfed in a cloud of soporific spores!
You fall asleep.
Menkaure gestures at you while chanting.
Pain shoots through your body!
You wake up.
Found a stone staircase leading down.
You block the sleepcap's attack. You block Menkaure's attack.
Things that are here:
a +0 dagger; 4 stones; a kobold corpse You barely miss Menkaure.
You hit the sleepcap.
The kobold throws a stone.
The stone hits you but does no damage. You block the sleepcap's attack.
Menkaure barely misses you.
The kobold throws a stone.
The stone hits you but does no damage. You block the sleepcap's attack.
You closely miss Menkaure. You hit the sleepcap.
You block the sleepcap's attack. Menkaure hits you!!
* * * LOW HITPOINT WARNING * * *
You hit Menkaure.
Menkaure is moderately damaged.
You hit the sleepcap. The sleepcap releases spores at you.
* * * LOW HITPOINT WARNING * * *
You are engulfed in a cloud of soporific spores!
You fall asleep.
Menkaure barely misses you. The kobold hits you with a +0 whip!
You die...

#.####### #.#.......
##......... ##..........
#..........> #
#........... ##
##...)....... .###
###....f......#
>..#######......@K......
...........##....M...[..
..........####........>.
.........## #..........
.<........# #..........
.......#..# #..........
#########..# ##.........
#.# #.....###. ..


You could see a sleepcap, Menkaure and a kobold.

Vanquished Creatures
  Jessica (D:3)
  2 adders
  3 dart slugs
  A worm (D:3)
  An orc (D:2)
  5 ball pythons
  2 bats (D:1)
  5 endoplasms
  5 giant cockroaches
  5 goblins
  3 hobgoblins (D:2)
  3 jackals (D:1)
  A quokka (D:1)
  2 frilled lizards
  5 kobolds
  6 rats
50 creatures vanquished.

Notes
Turn   | Place    | Note
-------+----------+-------------------------------------------
     0 | D:1      | Dorkslayer the Hill Orc Fighter began the quest for the
                  | Orb.
     0 | D:1      | Reached XP level 1. HP: 19/19 MP: 1/1
   189 | D:1      | Reached XP level 2. HP: 25/27 MP: 2/2
   275 | D:1      | Found Vedwu's Weapon Boutique.
   306 | D:1      | Reached XP level 3. HP: 33/33 MP: 3/3
   638 | D:2      | Found Yrimic's General Store.
   753 | D:2      | Found Doxob's Assorted Antiques.
   763 | D:2      | Reached skill level 1 in Dodging
   769 | D:2      | Found Hoxohadgh's Book Shoppe.
   983 | D:2      | Found Heappuz's Weapon Shoppe.
   988 | D:2      | Reached XP level 4. HP: 40/40 MP: 4/4
  1177 | D:2      | Identified the amulet of Wepnim {RegenMP rF+}
  1287 | D:2      | Bought a scroll of identify for 26 gold pieces
  1320 | D:3      | Found Nauvat's Antique Weapon Boutique.
  1378 | D:3      | Found Waasmac's Antique Armour Shoppe.
  1388 | D:3      | Found Gyqiakhle's Antique Weapon Shoppe.
  1434 | D:3      | Found Nioskedung's Jewellery Emporium.
  1539 | D:3      | Noticed Jessica
  1551 | D:3      | Killed Jessica
  1556 | D:3      | Found a shimmering blue altar of Sif Muna.
  1772 | D:3      | Found Kinoer's Weapon Boutique.
  1918 | D:4      | Noticed Menkaure
  1929 | D:4      | Mangled by a kobold

Illustrated notes

Levels and vault maps discovered:
D:1:      tarquinn_simple_flora_water_d, layout_loops_ring, serial_shops,
          nicolae_shop_bloodbath_and_beyond
D:2:      layout_loops_ring, serial_shops, shop, nicolae_diamond_shop,
          nicolae_diamond_shop, shop
D:3:      layout_basic, tgw_sif, serial_shops, shop, nicolae_shop_hallway_plus,
          nicolae_shop_trees, nicolae_shop_window_shopping, nicolae_shop_trees
D:4:      layout_cave_pods, mainiacjoe_overflow_two_lobes,
          minmay_temple_entry_statues_fountains, uniq_menkaure

Skill      XL: |  1  2  3  4 |
---------------+-------------+-----
Axes           | 3 4 |  4.0
Fighting       | 4 |  4.4
Dodging        | 1 |  1.2
Armour         | |  3.9
Shields        | |  3.7

Action                     |  1- 3 |  4- 6 || total
---------------------------+-------+-------++-------
  Melee: War axe           |   111 |    38 ||   149
    Use: Potion            |       |     5 ||     5
         Scroll            |       |     2 ||     2
 Armour: Scale mail        |    45 |    17 ||    62
  Dodge: Dodged            |    47 |    16 ||    63
  Block: Buckler           |    43 |    18 ||    61

Table legend: (Time is in decaauts)
 A = Elapsed time spent in this place.
 B = Non-inter-level travel time spent in this place.
 C = Inter-level travel time spent in this place.
 D = Time resting spent in this place.
 E = Time spent auto-exploring this place.
 F = Levels seen in this place.
 G = Mean time per level.
                   A        B        C        D        E       F      G
               +--------+--------+--------+--------+--------+-----+--------+
         Total |   1986 |   1986 |      0 |      0 |    764 |   4 |  496.5 |
       Dungeon |   1986 |   1986 |      0 |      0 |    764 |   4 |  496.5 |
               +--------+--------+--------+--------+--------+-----+--------+

Top non-repeatable levels by time:
     D:2: 703 daAuts
     D:1: 663 daAuts
     D:3: 576 daAuts
     D:4: 42 daAuts
